 Dungeon Crawl Stone Soup version 0.21.1-68-g103a7af (webtiles) character file.

56 manyhoops the Quickloader (level 3, 0/31 HPs)
             Began as a Gnoll Wanderer on June 30, 2018.
             Slain by a goblin
             ... wielding a +0 dagger
              (3 damage)
             ... on level 2 of the Dungeon on Aug 1, 2018.
             The game lasted 00:01:03 (777 turns).

manyhoops the Quickloader (Gnoll Wanderer)           Turns: 777, Time: 00:01:04

Health: 0/31       AC:  2    Str: 16    XL:     3   Next: 95%
Magic:  6/6        EV: 12    Int: 13    God:
Gold:   94         SH:  0    Dex: 14    Spells: 4/4 levels left

rFire    . . .     SeeInvis .   a - +2 hand crossbow
rCold    . . .     Gourm    .   (no shield)
rNeg     . . .     Faith    .   e - +0 robe
rPois    .         Spirit   .   (no helmet)
rElec    .         Reflect  .   (no cloak)
rCorr    .         Harm     .   (no gloves)
MR       .....                  (no boots)
Stlth    ++........             (no amulet)
HPRegen  0.10/turn              (no ring)
MPRegen  0.10/turn              (no ring)

@: no status effects
A: distributed training, fangs 1, strong nose
a: no special abilities


You were on level 2 of the Dungeon.
You were not hungry.

You visited 1 branch of the dungeon, and saw 2 of its levels.

You collected 94 gold pieces.

Inventory:

Hand Weapons
 a - a +2 hand crossbow (weapon)
 d - a +0 quarterstaff
Missiles
 b - 40 bolts (quivered)
Armour
 e - a +0 robe (worn)
Jewellery
 k - a cursed -3 ring of strength {unknown}
Scrolls
 h - a scroll of blinking {unknown}
 i - a scroll of random uselessness {unknown}
 j - a scroll of amnesia {unknown}
 l - 2 scrolls of teleportation {unknown}
 n - a scroll of enchant armour {unknown}
Potions
 c - 3 potions of curing
 g - a potion of resistance {unknown}
 m - a potion of degeneration {unknown}
 o - a potion of brilliance {unknown}
Comestibles
 f - 5 rations


   Skills:
 + Level 4.6 Fighting
 + Level 1.0 Short Blades
 + Level 1.0 Long Blades
 + Level 1.0 Axes
 + Level 1.0 Maces & Flails
 + Level 1.0 Polearms
 + Level 2.6 Staves
 + Level 1.0 Slings
 + Level 1.0 Bows
 + Level 8.5 Crossbows
 + Level 1.0 Throwing
 + Level 1.0 Armour
 + Level 1.0 Dodging
 + Level 2.4 Stealth
 + Level 1.0 Shields
 + Level 1.0 Unarmed Combat
 + Level 1.0 Spellcasting
 + Level 0.7 Conjurations
 + Level 0.7 Hexes
 + Level 0.7 Charms
 + Level 0.7 Summonings
 + Level 0.7 Necromancy
 + Level 0.7 Translocations
 + Level 0.7 Transmutations
 + Level 0.7 Fire Magic
 + Level 0.7 Ice Magic
 + Level 0.7 Air Magic
 + Level 0.7 Earth Magic
 + Level 0.7 Poison Magic
 + Level 1.0 Invocations
 + Level 4.6 Evocations


You had 4 spell levels left.
You didn't know any spells.

Dungeon Overview and Level Annotations

Branches:
Dungeon (2/15)

Altars:


Innate Abilities, Weirdness & Mutations

Your experience applies equally to all skills.
You have very sharp teeth.
Your uncanny sense of smell can sniff out nearby items.


Message History

The goblin hits you with a dagger. The goblin closely misses you.
The goblin hits you with a dagger. The goblin misses you.
The goblin closely misses you. The goblin hits you but does no damage.
The goblin hits you with a dagger. The goblin hits you but does no damage.
The goblin hits you with a dagger.
* * * LOW HITPOINT WARNING * * *
The goblin barely misses you. The goblin barely misses you.
The goblin hits you with a dagger.
* * * LOW HITPOINT WARNING * * *
The goblin hits you but does no damage. The goblin hits you with a dagger.
* * * LOW HITPOINT WARNING * * *
The goblin hits you but does no damage. The goblin hits you with a dagger.
You die...

#..## #.## .#
##..## #.># ..
##..#### ##.#.#
##....#######...#
####.<........##.
##.......†........
#.)##########.....
#.## .#### #@# ..
#..g.%..# #.#
#####...# .# ....
###


You could see a goblin.

Vanquished Creatures
  A hound (D:2)
  A dart slug (D:1)
  2 giant cockroaches (D:1)
  2 hobgoblins
  4 jackals (D:1)
  4 bats
  A frilled lizard (D:1)
  4 goblins (D:1)
  4 kobolds
  3 rats (D:1)
26 creatures vanquished.

Notes
Turn   | Place    | Note
-------+----------+-------------------------------------------
     0 | D:1      | manyhoops the Gnoll Wanderer began the quest for the Orb.
     0 | D:1      | manyhoops set off with: a +2 hand crossbow, 30 bolts, a potion of curing, a +0 quarterstaff, a +0 robe, a ration
     0 | D:1      | Reached XP level 1. HP: 20/20 MP: 3/3
    61 | D:1      | Reached XP level 2. HP: 17/26 MP: 5/5
   522 | D:1      | Reached XP level 3. HP: 31/31 MP: 6/6
   709 | D:2      | Reached skill level 1 in Short Blades
   709 | D:2      | Reached skill level 1 in Long Blades
   709 | D:2      | Reached skill level 1 in Axes
   709 | D:2      | Reached skill level 1 in Maces & Flails
   709 | D:2      | Reached skill level 1 in Polearms
   709 | D:2      | Reached skill level 1 in Slings
   709 | D:2      | Reached skill level 1 in Bows
   709 | D:2      | Reached skill level 1 in Throwing
   709 | D:2      | Reached skill level 1 in Armour
   709 | D:2      | Reached skill level 1 in Dodging
   709 | D:2      | Reached skill level 1 in Shields
   709 | D:2      | Reached skill level 1 in Unarmed Combat
   709 | D:2      | Reached skill level 1 in Spellcasting
   709 | D:2      | Reached skill level 1 in Invocations
   710 | D:2      | Upgraded the game from 0.21.1-1-g345015f to 0.21.1-68-g103a7af
   777 | D:2      | Slain by a goblin

Skill      XL: |  1  2  3 |
---------------+----------+-----
Short Blades   | 1 |  1.0
Long Blades    | 1 |  1.0
Axes           | 1 |  1.0
Maces & Flails | 1 |  1.0
Polearms       | 1 |  1.0
Slings         | 1 |  1.0
Bows           | 1 |  1.0
Throwing       | 1 |  1.0
Armour         | 1 |  1.0
Dodging        | 1 |  1.0
Shields        | 1 |  1.0
Unarmed Combat | 1 |  1.0
Spellcasting   | 1 |  1.0
Invocations    | 1 |  1.0
Fighting       | |  4.6
Staves         | |  2.6
Crossbows      | |  8.5
Stealth        | |  2.4
Conjurations   | |  0.7
Hexes          | |  0.7
Charms         | |  0.7
Summonings     | |  0.7
Necromancy     | |  0.7
Translocations | |  0.7
Transmutations | |  0.7
Fire Magic     | |  0.7
Ice Magic      | |  0.7
Air Magic      | |  0.7
Earth Magic    | |  0.7
Poison Magic   | |  0.7
Evocations     | |  4.6

Action                   || total
-------------------------++-------
 Fire: Hand crossbow     ||    53
Armor: Robe              ||     4
Dodge: Dodged            ||    15
